 Dungeon Crawl Stone Soup version 0.31.0-32-g396128a36d (webtiles) character file.

Game seed: 10525102365468089228

30 Dvallin the Changeling (level 3, -5/26 HPs)
             Began as a Merfolk Shapeshifter on Apr 1, 2024.
             Slain by Terence
             ... wielding a +0 hand axe
              (9 damage)
             ... on level 2 of the Dungeon.
             The game lasted 00:01:11 (690 turns).

Dvallin the Changeling (Merfolk Shapeshifter)        Turns: 690, Time: 00:01:12

Health: -5/26      AC:  2    Str: 14    XL:     3   Next: 20%
Magic:  3/3        EV: 12    Int:  9    God:
Gold:   24         SH:  0    Dex: 15    Spells: 2/2 levels left

rFire   . .          .
                       - Unarmed
rCold   . . .        (no shield)
rNeg    . . .        a - +0 animal skin
rPois   .            (helmet currently unavailable)
rElec   .            (cloak currently unavailable)
rCorr   .            (gloves currently unavailable)
SInv    .            (boots currently unavailable)
Will    .....        (no amulet)
Stlth   +            (no ring)
HPRegen 0.24/turn    (no ring)
MPRegen 0.08/turn

%: no passive effects
@: beast-form
A: beast (slay +3), (nimble swimmer 2), mertail
a: Begin Untransformation


You were on level 2 of the Dungeon.
You were a hulking beast.
You visited 1 branch of the dungeon, and saw 2 of its levels.

You collected 24 gold pieces.

Inventory:

Armour
 a - a +0 animal skin (worn)
Talismans
 c - a beast talisman
 d - a flux talisman
Scrolls
 e - a scroll of vulnerability {unknown}
Potions
 b - a potion of lignification
 f - a potion of curing {unknown}


   Skills:
 - Level 1.1 Fighting
 - Level 2.6 Dodging
 - Level 3.2 Unarmed Combat
 + Level 5.4 Shapeshifting


You had 2 spell levels left.
You didn't know any spells.
Your spell library contained the following spells:

 Spells                   Type           Power      Damage    Failure   Level
 Kiss of Death            Conj/Necr      0%         2d5       38%         1
 Sublimation of Blood     Necr           0%         N/A       52%         2
 Confusing Touch          Hex            0%         N/A       77%         3
 Dispel Undead            Necr           0%         3d6       99%         4
 Petrify                  Alch/Erth      0%         N/A       99%         4
 Irradiate                Conj/Alch      0%         3d11      100%        5


Dungeon Overview and Level Annotations

Branches:
Dungeon (2/15)

Altars:
Cheibriados

Annotations:
D:2 Terence


Innate Abilities, Weirdness & Mutations

You are a hulking beast.
Your limbs bulge with bestial killing power. (Slay +3)
((You are very nimble when in or above water. (Stealth+, EV+, Speed+++)))
Your lower body shifts to a powerful aquatic tail in water.


Message History

You hit the jackal.
You kill the jackal!
Terence hits you with a +0 hand axe. The dart slug bites you.
You see here a jackal corpse.
You hit Terence but do no damage. Terence hits you with a +0 hand axe!
The dart slug launches a dart at you. The slug dart hits you.
You are too injured to fight recklessly!
You are too injured to fight recklessly!
You are too injured to fight recklessly!
You are too injured to fight recklessly!
You are too injured to fight recklessly!
You are too injured to fight recklessly!
You are too injured to fight recklessly!
You are too injured to fight recklessly!
You are too injured to fight recklessly!
You are too injured to fight recklessly!
You are too injured to fight recklessly!
You are too injured to fight recklessly!
You are too injured to fight recklessly!
You are too injured to fight recklessly!
You are too injured to fight recklessly!
You are too injured to fight recklessly!
You are too injured to fight recklessly!
Unknown command.
You hit the dart slug.
The dart slug is moderately wounded.
Terence hits you with a +0 hand axe.
You hit the dart slug.
The dart slug is heavily wounded.
Terence closely misses you. The dart slug closely misses you.
You hit the dart slug.
You kill the dart slug!
Terence hits you with a +0 hand axe!
* * * LOW HITPOINT WARNING * * *
You hit Terence.
Terence is lightly wounded.
Terence hits you with a +0 hand axe!
You die...
Terence says, "Time to find some more victims."

........#..
........#.##
........... ..#
........#.# #...
._...<....##..#
.........##..# .#
......@†.##.####.# .
.......h†......#.##..
.......#.............
.........#..........#
..#$...#...#.........
....$....##..†.##..#
#..............<#
..#.......#...### .
.........#.#..##..
#...........^....


You could see Terence.

Vanquished Creatures
  3 dart slugs
  4 ball pythons
  2 endoplasms (D:1)
  2 goblins
  5 jackals (D:2)
  2 bats (D:1)
  A frilled lizard (D:1)
  3 kobolds
  A rat (D:2)
23 creatures vanquished.

Notes
Turn   | Place    | Note
-------+----------+-------------------------------------------
     0 | D:1      | Dvallin the Merfolk Shapeshifter began the quest for the
                  | Orb.
     0 | D:1      | Reached XP level 1. HP: 15/15 MP: 1/1
   163 | D:1      | Found a faded altar of an unknown god.
   169 | D:1      | Reached XP level 2. HP: 19/21 MP: 2/2
   288 | D:1      | Reached skill level 5 in Shapeshifting
   565 | D:2      | Reached XP level 3. HP: 11/26 MP: 3/3
   674 | D:2      | Found a snail-covered altar of Cheibriados.
   677 | D:2      | Noticed Terence
   690 | D:2      | Slain by Terence

Illustrated notes

Levels and vault maps discovered:
D:1:      elethiomel_arrival_quiet, layout_rooms,
          hellmonk_ecumenical_altar_lost_god
D:2:      layout_rooms, basic_altar, wad_orctagon, uniq_terence

Skill      XL: |  1  2 |
---------------+-------+-----
Shapeshifting  | 5 |  5.4
Fighting       | |  1.1
Dodging        | |  2.6
Unarmed Combat | |  3.2

Action                     || total
---------------------------++-------
  Melee: Unarmed           ||    59
         Punch             ||     1
 Armour: Animal skin       ||    37
  Dodge: Dodged            ||    38
